 Dungeon Crawl Stone Soup version 0.30-a0-325-gb515db48ae (console) character file.

Game seed: 16112224362354276108

131 Ignak the Trooper (level 5, -6/54 HPs)
             Began as an Ogre Warper on Oct 28, 2022.
             Mangled by a gnoll
             ... wielding a +0 antimagic flail
              (9 damage)
             ... on level 2 of the Dungeon.
             The game lasted 00:05:05 (2397 turns).

Ignak the Trooper (Ogre Warper)                     Turns: 2397, Time: 00:05:06

Health: -6/54      AC:  3    Str: 17    XL:     5   Next: 14%
Magic:  0/9        EV: 10    Int: 14    God:
Gold:   69         SH:  0    Dex:  8    Spells: 2/10 levels left

rFire   . . .      SeeInvis .    g - +3 dagger
rCold   . . .      Faith    .    (no shield)
rNeg    + . .      Spirit   .    b - +0 robe
rPois   .          Reflect  .    (helmet restricted)
rElec   .          Harm     .    (no cloak)
rCorr   .          Rampage  .    (gloves unavailable)
Will    .....                    (boots unavailable)
Stlth   +.........               (no amulet)
HPRegen 0.29/turn                k - ring of positive energy
MPRegen 0.11/turn                (no ring)

@: no status effects
A: large, unfitting armour, tough skin 1
a: no special abilities


You were on level 2 of the Dungeon.
You visited 1 branch of the dungeon, and saw 2 of its levels.

You collected 111 gold pieces.
You spent 42 gold pieces at shops.

Inventory:

Hand Weapons
 a - a +0 mace
 g - a +3 dagger (weapon)
Missiles
 d - 2 boomerangs of dispersal (quivered)
Armour
 b - a +0 robe (worn)
Jewellery
 k - a ring of positive energy (left hand)
 m - a ring of fire
Scrolls
 c - 2 scrolls of blinking
 f - 3 scrolls of identify {unknown}
 i - a scroll of immolation {unknown}
 l - 2 scrolls of teleportation {unknown}
 p - a scroll of poison {unknown}
Potions
 e - a potion of cancellation {unknown}
 h - a potion of resistance {unknown}
 j - a potion of might
 n - 2 potions of curing
 o - a potion of lignification {unknown}
 r - a potion of degeneration {unknown}


   Skills:
 * Level 3.7 Fighting
 * Level 2.5 Maces & Flails
 + Level 2.0 Throwing
 * Level 2.7 Dodging
 + Level 0.4 Unarmed Combat
 + Level 3.1 Spellcasting
 + Level 3.0 Translocations


You had 2 spell levels left.
You knew the following spells:

 Your Spells              Type           Power      Damage    Failure   Level
a - Teleport Other        Tloc           10%        N/A       19%         3
b - Blink                 Tloc           20%        N/A       9%          2
c - Vhi's Electric Charg  Tloc/Air       12%        N/A       34%         3

Your spell library contained the following spells:

 Spells                   Type           Power      Damage    Failure   Level
 Lesser Beckoning         Tloc           20%        N/A       19%         3
 Manifold Assault         Tloc           10%        N/A       52%         4


Dungeon Overview and Level Annotations

Branches:
Dungeon (2/15)

Altars:
The Shining One

Shops:
D:2 !


Innate Abilities, Weirdness & Mutations

You are too large for most types of armour.
You have tough skin. (AC +1)


Message History

The gnoll barely misses you.
You hit the gnoll but do no damage.
The gnoll is heavily wounded.
The gnoll hits you with a +0 antimagic flail!
You feel your power leaking away. The gnoll misses you.
Casting: Blink (safe; 9% risk of failure)
Confirm with . or Enter, or press ? or * to list all spells.
You don't know that spell.
The gnoll hits you with a +0 antimagic flail.
You feel your power leaking away.
You barely miss the gnoll.
The gnoll is heavily wounded.
The gnoll barely misses you. x2
You hit the gnoll.
The gnoll is severely wounded.
The gnoll hits you with a +0 antimagic flail.
* * * LOW HITPOINT WARNING * * *
The gnoll barely misses you.
Throw: 3 boomerangs (disperse)
Press: ? - help, Q - select action, (/) - cycle Shift-Dir - straight line, f/p - gnoll
Aim: a gnoll, wielding a +0 spear (heavily wounded, 60% to hit)
You throw a boomerang of dispersal.
The boomerang of dispersal hits the gnoll!
The gnoll blinks!
You kill the gnoll!
The gnoll closely misses you.
Unknown command.
You hit the gnoll.
The gnoll is almost dead.
The gnoll hits you with a +0 antimagic flail!
* * * LOW HITPOINT WARNING * * *
You feel your power leaking away.
Press: ? - help, v - describe, . - travel
Here: a gnoll, wielding a +0 antimagic flail (almost dead)
The floor, spattered with blood.
You hit the gnoll but do no damage.
The gnoll is almost dead.
The gnoll hits you with a +0 antimagic flail!
You die...

...........# .#
..........## ##.#
.....###### ##..#
.....# ##.).##
.....# #.....#
.....###### #...#
..........# #§#
....#####.######.#
....# #....).g@#
##### ########## #
#######
##....#####
.#....8...#
.....8.8..#
.##.8...8.#
###8..∩..8#


You could see a gnoll.

Vanquished Creatures
  3 gnolls
  6 adders
  3 dart slugs
  6 ball pythons
  3 endoplasms
  4 hobgoblins
  3 kobolds
  3 quokkas (D:2)
  3 bats
  2 frilled lizards (D:1)
  5 goblins
  6 rats (D:2)
47 creatures vanquished.

Notes
Turn   | Place    | Note
-------+----------+-------------------------------------------
     0 | D:1      | Ignak the Ogre Warper began the quest for the Orb.
     0 | D:1      | Reached XP level 1. HP: 22/22 MP: 3/3
   131 | D:1      | Reached XP level 2. HP: 22/29 MP: 3/5
   135 | D:1      | Learned a level 2 spell: Blink
   192 | D:1      | Found a faded altar of an unknown god.
   640 | D:1      | Reached XP level 3. HP: 31/37 MP: 7/7
   644 | D:1      | Learned a level 3 spell: Vhi's Electric Charge
  1260 | D:2      | Found a glowing golden altar of the Shining One.
  1269 | D:2      | Reached XP level 4. HP: 44/45 MP: 8/8
  1767 | D:2      | Found Nuqeosang's Distillery.
  1776 | D:2      | Bought a potion of curing for 42 gold pieces
  1842 | D:2      | Learned a level 3 spell: Teleport Other
  2384 | D:2      | Reached XP level 5. HP: 38/53 MP: 6/9
  2396 | D:2      | HP: 2/54 [gnoll/+0 antimagic flail (10)]
  2397 | D:2      | Mangled by a gnoll

Illustrated notes

Levels and vault maps discovered:
D:1:      dpeg_arrival_rooms_b, layout_loops_cross,
          hellmonk_ecumenical_altar_lost_god
D:2:      layout_loops_ring, basic_altar, serial_shops, nicolae_diamond_shop,
          corexii_item_surrounded_by_moat, amcnicky_mini_rare_corridor_liquid,
          minmay_small_reverse_x

Skill      XL: |  1  2  3  4 |
---------------+-------------+-----
Maces & Flails | 2 |  2.5
Fighting       | 3 |  3.7
Spellcasting   | 3 |  3.1
Translocations | 3 |  3.0
Throwing       | 2 |  2.0
Dodging        | |  2.7
Unarmed Combat | |  0.4

Action                   |  1- 3 |  4- 6 || total
-------------------------+-------+-------++-------
Melee: Dagger            |    86 |   121 ||   207
       Mace              |     2 |       ||     2
Throw: Boomerang         |     2 |     3 ||     5
       Dart              |       |    13 ||    13
 Cast: Blink             |     1 |     2 ||     3
       Vhi's Electric Ch |     1 |       ||     1
Armor: Robe              |    22 |    26 ||    48
Dodge: Dodged            |    43 |    71 ||   114

Table legend: (Time is in decaauts)
 A = Elapsed time spent in this place.
 B = Non-inter-level travel time spent in this place.
 C = Inter-level travel time spent in this place.
 D = Time resting spent in this place.
 E = Time spent auto-exploring this place.
 F = Levels seen in this place.
 G = Mean time per level.
                   A        B        C        D        E       F      G
               +--------+--------+--------+--------+--------+-----+--------+
         Total |   2398 |   2373 |     25 |    794 |    923 |   2 | 1199.0 |
       Dungeon |   2398 |   2373 |     25 |    794 |    923 |   2 | 1199.0 |
               +--------+--------+--------+--------+--------+-----+--------+

Top non-repeatable levels by time:
     D:2: 1411 daAuts
     D:1: 986 daAuts
